 Dungeon Crawl Stone Soup version 0.18-a0-1773-gec4f98e (webtiles) character file.

1400858 Gruud the Grand Master (level 27, 0/224 HPs)
             Began as an Octopode Transmuter on Apr 9, 2016.
             Was the Champion of Cheibriados.
             Slain by a tentacled monstrosity (4 damage)
             ... summoned by a shadow demon
             ... on level 1 of the Realm of Zot on May 27, 2016.
             The game lasted 10:40:30 (71202 turns).

Gruud the Grand Master (Octopode Transmuter)       Turns: 71202, Time: 10:40:31

Health: 0/224      AC: 39    Str: 28      XL:     27
Magic:  50/50      EV: 46    Int: 34 (37) God:    Cheibriados [******]
Gold:   6114       SH: 21    Dex: 37      Spells: 12 memorised, 6 levels left

rFire  + + +     SeeInvis .       - Unarmed
rCold  + + +     Gourm    .     K - +4 shield of Supsuis {+Inv rC+ Str+2 Int-5}
rNeg   + + +     Faith    .     G - +2 hat {MR+}
rPois  ∞         Spirit   .     X - amulet of the Lost Wars {Fragile rN+ Regen+ Int+7 Slay+3}
rElec  +         Dismiss  .     S - ring of the Mage {Wiz MR++ Int+3}
rCorr  +         Reflect  .     A - ring "Kogroasu" {rF+ MR+ Stlth+}
SustAt .         Harm     .     N - ring of the Genius {rF+ rC+ MP+9 Int+3}
MR     +++++                    Q - ring of the Philosopher {rCorr rPois rN+ Int-3 Dex+4}
Stlth  +++.......               F - +5 ring of evasion
                                M - +5 ring of protection
                                J - ring "Teusoqi" {+Inv rC+}
                                g - ring of protection from fire

@: statue-form, deflect missiles, very slow, almost entirely resistant to
hostile enchantments, fairly stealthy
A: almost no armour, amphibious, 8 rings, constrict 8, camouflage 1, blurry
vision 3, clumsy 1, frail 2, low mp 1, weak 1, (gelatinous body 0)
a: End Transformation, Bend Time, Temporal Distortion, Slouch, Step From Time,
Renounce Religion, Evoke Invisibility
0: Orb of Zot
}: 15/15 runes: serpentine, barnacled, slimy, silver, golden, iron, obsidian,
icy, bone, abyssal, demonic, glowing, magical, fiery, dark


You were on level 1 of the Realm of Zot.
You worshipped Cheibriados.
Cheibriados was exalted by your worship.
You were very full.
You were a stone statue.
You visited 18 branches of the dungeon, and saw 93 of its levels.
You visited Pandemonium 1 time, and saw 23 of its levels.
You visited the Abyss 3 times.
You also visited: Ice Cave and Volcano.

You collected 17888 gold pieces.
You spent 11774 gold pieces at shops.

Inventory:

Missiles
 e - 14 tomahawks of dispersal
 E - 748 stones (quivered)
Armour
 G - a +2 hat of magic resistance (worn)
 K - the +4 shield of Supsuis (worn) {+Inv rC+ Str+2 Int-5}
   (You found it on level 7 of Tartarus)

   It affects your strength (+2).
   It affects your intelligence (-5).
   It protects you from cold.
   It lets you turn invisible.
Jewellery
 g - a ring of protection from fire (on tentacle)
 k - the ring of Domat {Wiz SInv}
   (You bought it in a shop on level 5 of the Vaults)

   [ring of wizardry]

   It improves your spell success rate.
   It lets you see invisible.
 A - the ring "Kogroasu" (right tentacle) {rF+ MR+ Stlth+}
   (You found it in Pandemonium)

   [ring of stealth]

   It protects you from fire.
   It affects your resistance to hostile enchantments.
   It makes you more stealthy.
 F - a +5 ring of evasion (on tentacle)
 J - the ring "Teusoqi" (on tentacle) {+Inv rC+}
   (You found it on level 3 of the Tomb of the Ancients)

   [ring of protection from cold]

   It protects you from cold.
   It lets you turn invisible.
 M - a +5 ring of protection (on tentacle)
 N - the ring of the Genius (on tentacle) {rF+ rC+ MP+9 Int+3}
   (You bought it in a shop on level 5 of the Vaults)

   [ring of magical power]

   It affects your intelligence (+3).
   It protects you from fire.
   It protects you from cold.
   It affects your magic capacity (+9).
 Q - the ring of the Philosopher (on tentacle) {rCorr rPois rN+ Int-3 Dex+4}
   (You found it in Pandemonium)

   [ring of resist corrosion]

   It affects your intelligence (-3).
   It affects your dexterity (+4).
   It protects you from poison.
   It protects you from negative energy.
 S - the ring of the Mage (left tentacle) {Wiz MR++ Int+3}
   (You bought it in a shop on level 5 of the Vaults)

   [ring of wizardry]

   It improves your spell success rate.
   It affects your intelligence (+3).
   It affects your resistance to hostile enchantments.
 X - the amulet of the Lost Wars (around mantle) {Fragile rN+ Regen+ Int+7 Slay+3}
   (You found it on level 7 of Tartarus)

   [amulet of regeneration]

   It affects your intelligence (+7).
   It affects your accuracy and damage with ranged weapons and melee attacks
   (+3).
   It protects you from negative energy.
   It increases your rate of regeneration.
   It will be destroyed if unequipped.
Wands
 a - a wand of disintegration (23/24)
 m - a wand of heal wounds (9/9)
 t - a wand of digging (16/24)
 w - a wand of teleportation (3/9)
 C - a wand of teleportation (4/9)
 U - a wand of heal wounds (8/9)
 Z - a wand of heal wounds (9/9)
Scrolls
 d - 30 scrolls of remove curse
 i - 2 scrolls of holy word
 n - 2 scrolls of enchant armour
 q - 10 scrolls of recharging
 v - 10 scrolls of blinking
 y - 22 scrolls of teleportation
 O - 16 scrolls of fog
 P - a scroll of magic mapping
 R - 3 scrolls of summoning
 V - 18 scrolls of identify
 Y - 6 scrolls of amnesia
Potions
 b - 6 potions of ambrosia
 l - 2 potions of resistance
 o - 28 potions of curing
 p - 9 potions of brilliance
 r - 5 potions of invisibility
 s - 2 potions of cancellation
 u - 3 potions of magic
 x - 4 potions of heal wounds
 T - 6 potions of agility
 W - 4 potions of might
Books
 h - an Akashic Record

   Spells                             Type                      Level
   a - Dispersal                      Translocation                6
   b - Malign Gateway                 Summoning/Translocation      7
   c - Disjunction                    Translocation                8
   d - Controlled Blink               Translocation                8
 H - a Necronomicon

   Spells                             Type                      Level
   a - Haunt                          Necromancy/Summoning         7
   b - Borgnjor's Revivification      Necromancy                   8
   c - Death's Door                   Charms/Necromancy            8
   d - Necromutation                  Transmutation/Necromancy     8
Miscellaneous
 B - a crystal ball of energy
 D - a legendary deck of defence {the Elixir}
 I - 5 phantom mirrors
 L - a figurine of a ziggurat
Comestibles
 c - 17 bread rations
 f - 39 meat rations
 z - 84 fruits


   Skills:
 + Level 25.3 Fighting
 + Level 24.0 Dodging
 - Level 12.3 Stealth
 - Level 15.0 Shields
 O Level 27 Unarmed Combat
 * Level 19.5 Spellcasting
 + Level 9.2 Charms
 + Level 12.2 Summonings
 - Level 16.3 Necromancy
 - Level 19.0 Translocations
 + Level 18.3 Transmutations
 - Level 15.2 Air Magic
 + Level 18.1 Earth Magic
 * Level 26.7 Invocations


You had 6 spell levels left.
You knew the following spells:

 Your Spells              Type           Power        Failure   Level  Hunger
a - Statue Form           Trmt/Erth      ########.    1%          6    None
b - Regeneration          Chrm/Necr      #######...   0%          3    None
c - Deflect Missiles      Chrm/Air       #######...   1%          6    None
d - Silence               Hex/Air        ######....   1%          5    None
e - Apportation           Tloc           ########..   0%          1    None
f - Controlled Blink      Tloc           N/A          1%          8    ####...
g - Yara's Violent Unrav  Hex/Trmt       #######...   1%          5    None
h - Disjunction           Tloc           ########..   1%          8    ####...
i - Cure Poison           Pois           ####......   1%          2    None
j - Aura of Abjuration    Summ           #######...   1%          5    None
k - Borgnjor's Revivific  Necr           #######...   4%          8    ####...
l - Sublimation of Blood  Necr           #######...   0%          2    None


Dungeon Overview and Level Annotations

Branches:
Dungeon (15/15)            Temple (1/1) D:5            Lair (8/8) D:10
 Shoals (4/4) Lair:5        Snake (4/4) Lair:3        Slime (6/6) Lair:7
    Orc (2/2) D:11            Elf (3/3) Orc:2        Vaults (5/5) D:13
  Crypt (3/3) Vaults:3       Tomb (3/3) Crypt:3      Depths (5/5) D:15
   Hell (1/1)                 Dis (7/7) Hell            Geh (7/7) Hell
    Coc (7/7) Hell            Tar (7/7) Hell            Zot (5/5) Depths:5

Altars:
Ashenzari
Cheibriados
Dithmenos
Elyvilon
Fedhas
Gozag
Kikubaaqudgha
Makhleb
Nemelex Xobeh
Okawaru
Pakellas
Qazlal
Ru
Sif Muna
Trog
Vehumet
Xom
Yredelemnul
Zin
The Shining One
Beogh
Jiyva

Shops:
D:7 =   D:9 (:*   D:12 :   D:14 }   Orc:2 !}(*[   Elf:2 [*   Elf:3 }
Shoals:1 (   Snake:2 }   Snake:4 (   Vaults:3 =   Vaults:4 ((*   Vaults:5 !}=!*
Depths:1 *   Depths:5 [

Portals:
Hell: Depths:1 Depths:2 Depths:3 Depths:4 Depths:5
Abyss: Depths:4
Pandemonium: Depths:3 Depths:5
Ziggurat: Depths:4
Trove: Elf:1 (give wand of hasting (9))

Annotations:
Lair:4 exclusions: oklob plant and 1 more exclusion
Elf:2 3 runed doors, 1 exclusion


Innate Abilities, Weirdness & Mutations

You cannot wear most types of armour.
You are amphibious.
You can wear up to eight rings at the same time.
You can use your tentacles to constrict eight enemies at once.
Your skin changes colour to match your surroundings (Stealth).
((Your rubbery body absorbs attacks (AC +1).))
Scrolls take you much longer to read.
You are clumsy. (Dex -2)
You are very frail (-20% HP).
Your magical capacity is low (-10% MP).
You are weak. (Str -2)


Message History

Tusot completely misses you. The fire dragon completely misses you.
The fire dragon misses you. You block the fire dragon's attack.
The Orb Guardian closely misses you. The tentacled monstrosity misses you.
You block the tentacled monstrosity's attack.
The tentacled monstrosity tentacle-slaps you but does no damage.
The tentacled monstrosity barely misses you.
Unknown command.
Unknown command.
You miss Tusot.
Tusot is moderately wounded.
Tusot misses you. You block the fire dragon's attack.
The fire dragon completely misses you. You block the fire dragon's attack.
You block the Orb Guardian's attack.
The moth of wrath goads the Orb Guardian on!
The Orb Guardian goes berserk!
Tusot hits you!!
* * * LOW HITPOINT WARNING * * *
Space bends around you.
* * * LOW HITPOINT WARNING * * *
The tentacled monstrosity tentacle-slaps you.
You die...

#.#.###.##.......#
#.................
#.#.###.##.......#
#.#.# #.##.......#
#.#.# #.##.......#
#.#.# #.##........
#.#.###.##.......#
#X2s..............
#8DXy.......}.....
#X&4X.......##....
#534........##....
#4..........##....
#....∩....X.##....
#.#.#.#...........
#...#.####.?##....
#.#.#.##...}(.....
#.#.###......#....


You could see Tusot, 2 tentacled monstrosities, a fire dragon (berserk), an Orb
Guardian (berserk), a demonic crawler, a sun demon, a shadow demon, an orange
demon, a moth of wrath, a large abomination, 2 ice devils and a shadow imp.

Vanquished Creatures
  Cerebov (Pan)
  Antaeus (Coc:7)
  the Royal Jelly (Slime:6)
  Asmodeus (Geh:7)
  Ereshkigal (Tar:7)
  Lom Lobon (Pan)
  12 pandemonium lords
  Gloorx Vloq (Pan)
  Dispater (Dis:7)
  the Serpent of Hell (Geh:7)
  Mnoleg (Pan)
  The ghost of JohnFord the Petrodigitator, a legendary GrEE of Cheibriados (Pan)
  Khufu (Tomb:3)
  7 orbs of fire
  Mennas (Tomb:1)
  Mara (Crypt:3)
  The ghost of wvc the Conqueror, a legendary MiMo of the Shining One (Coc:7)
  3 juggernauts
  3 ancient liches (Zot:5)
  32 greater mummies
  6 iron giants (Dis:7)
  Saint Roka (Vaults:5)
  Frederick (Vaults:3)
  6 shard shrikes
  Vashnia (Snake:4)
  2 curse toes
  Margery (Depths:3)
  Norris (Vaults:1)
  5 Killer Klowns
  Geryon (Hell)
  Xtahua (Vaults:4)
  13 bone dragons
  21 golden dragons
  Jory (Crypt:3)
  2 electric golems (Zot:5)
  35 Tzitzimimeh
  11 doom hounds
  19 Brimstone Fiends
  Jorgrun (Vaults:1)
  25 tentacled monstrosities
  13 Hell Sentinels
  17 Ice Fiends
  A hellephant (Abyss:4)
  2 deep elf blademasters (Elf:3)
  27 Orb Guardians
  Asterion (Vaults:3)
  3 quicksilver dragons
  10 liches
  8 titans
  12 acid blobs
  2 krakens (Shoals:2)
  16 Executioners
  2 deep elf master archers (Elf:3)
  16 death cobs
  3 tentacled starspawn
  Kirke (Snake:3)
  9 sphinxes
  An eldritch tentacle (Dis:7)
  2 draconian monks (Zot:3)
  18 storm dragons
  7 tengu reavers
  Agnes (Snake:1)
  12 shadow dragons
  6 ancient champions
  Roxanne (Snake:2)
  2 azure jellies (Slime:6)
  4 revenants
  Ilsuiw (Shoals:4)
  10 iron dragons
  13 greater nagas
  Wiglaf (Crypt:3)
  5 corrupters (Pan)
  17 fire giants
  22 frost giants
  2 deep elf sorcerers (Elf:3)
  38 balrugs
  Aizul (Snake:1)
  5 draconian zealots
  3 ghost moths
  12 vault wardens
  Donald (Vaults:3)
  20 cacodemons
  3 caustic shrike zombies (Depths:2)
  5 curse skulls
  2 spriggan defenders (Depths:3)
  5 draconian shifters
  5 deep elf elementalists
  10 warmongers (Pan)
  4 ghouls
  77 reapers
  5 draconian annihilators
  17 war gargoyles
  19 ironheart preservers
  2 caustic shrike skeletons (Depths:2)
  32 stone giants
  Nessos (D:14)
  5 blood saints (Pan)
  3 elemental wellsprings
  10 green draconians
  30 very ugly things
  8 lorocyprocas
  18 vampire knights
  3 draconian callers
  10 bennus
  5 black draconians
  4 chaos champions (Pan)
  14 salamander stormcallers
  13 deep elf annihilators
  4 deep elf demonologists
  9 black suns (Pan)
  A spark wasp (shapeshifter) (Vaults:3)
  7 mottled draconians
  4 eidola
  11 purple draconians
  8 white draconians
  5 red draconians
  8 yellow draconians
  21 jiangshi
  12 deep elf death magi
  19 ettins
  19 fire dragons
  33 blizzard demons
  4 death oozes
  5 merfolk javelineers
  A spectral kraken (Tar:7)
  4 quicksilver dragon zombies
  41 large abominations
  26 mummy priests
  43 vault guards
  Josephine (D:15)
  16 green deaths
  15 merfolk impalers
  5 deep elf high priests
  19 yaktaur captains
  13 great orbs of eyes
  12 naga warriors
  4 quicksilver dragon skeletons
  11 rakshasas
  A kraken zombie (Coc:4)
  8 hydras
  11 monstrous demonspawn (Pan)
  41 ice dragons
  A hydra (shapeshifter) (Depths:4)
  7 entropy weavers
  4 catoblepae
  3 hell beasts
  A merfolk avatar (Shoals:3)
  3 ghost crabs
  14 anacondas
  2 alligator snapping turtles (Shoals:4)
  5 spriggan air magi
  14 centaur warriors
  3 merfolk aquamancers
  A satyr (Shoals:4)
  21 ogre magi
  5 death knights
  20 dancing weapons
  16 hell hogs
  17 death yaks
  7 deep troll earth magi
  7 tengu warriors
  An iron giant skeleton (Crypt:3)
  4 deep troll shamans
  The ghost of izbit the Spear-Bearer, a novice MfGl of Qazlal (Lair:1)
  4 thrashing horrors (Abyss:4)
  6 orc high priests
  5 titan zombies
  10 shock serpents
  7 spriggan berserkers
  23 vampire magi
  39 soul eaters
  19 naga sharpshooters
  6 storm dragon zombies
  2 spriggans (Depths:3)
  Nergalle (Lair:1)
  6 iron golems (Dis:7)
  3 titan skeletons
  2 wretched stars (Abyss:4)
  72 sun demons
  104 skeletal warriors
  7 shadow wraiths
  A fire crab (shapeshifter) (D:15)
  7 salamander mystics
  5 storm dragon skeletons
  10 death scarabs
  15 deep elf knights
  3 spark wasp zombies
  13 iron trolls
  9 anaconda zombies
  17 hell knights
  A death drake (shapeshifter) (D:13)
  6 spatial maelstroms
  16 gelid demonspawn (Pan)
  7 golden dragon zombies
  20 sea snakes
  14 flayed ghosts
  A death drake (Tar:3)
  An unseen horror (D:10)
  33 shadow demons
  31 deep trolls
  15 infernal demonspawn (Pan)
  11 hill giants
  A lindwurm (Lair:5)
  6 naga ritualists
  2 golden dragon skeletons
  7 giant orange brains
  6 ghost moth zombies
  5 shadow dragon zombies
  13 ironbrand convokers
  10 putrid demonspawn (Pan)
  13 necromancers
  15 torturous demonspawn (Pan)
  A sphinx zombie (Hell)
  23 phantasmal warriors
  5 wolf spider zombies
  14 deep elf archers
  25 harpies
  Pikel (D:6)
  38 anubis guards
  4 shining eyes
  14 orc knights
  11 griffons
  A shining eye (shapeshifter) (Depths:4)
  3 wolf spiders
  3 fauns (Shoals:2)
  58 deep elf magi
  8 shadow dragon skeletons
  2 oklob plants (Lair:5)
  A wolf spider (shapeshifter) (Vaults:5)
  34 moths of wrath
  8 fire giant zombies
  7 frost giant zombies
  8 mana vipers
  27 salamanders
  30 sixfirhies
  7 orc sorcerers
  5 anaconda skeletons
  10 stone giant zombies
  7 iron dragon zombies
  6 wizards
  13 cyclopes
  71 ugly things
  4 iron dragon skeletons
  6 hornets
  2 tengu skeletons
  6 elephants (Lair:8)
  A worldbinder (Abyss:4)
  A cyclops (shapeshifter) (Depths:3)
  3 toenail golems (Volcano)
  6 frost giant skeletons
  10 manticores
  6 ice statues
  3 fire giant skeletons
  22 naga magi
  25 rust devils
  4 dire elephant zombies
  10 sirens
  8 stone giant skeletons
  16 guardian serpents
  2 water nymphs (shapeshifter)
  An eye of devastation (Slime:6)
  4 water nymphs
  12 vault sentinels
  26 black mambas
  58 smoke demons
  17 spiny frogs
  4 gargoyles
  A shock serpent skeleton (Tar:6)
  9 molten gargoyles
  A titan simulacrum (Vaults:4)
  10 spectral swamp worms (Tar:7)
  37 hellions
  2 centaur skeletons
  23 orange demons
  5 emperor scorpion zombies
  3 dire elephant skeletons
  A spiny frog (shapeshifter) (Vaults:4)
  2 spriggan skeletons (Depths:2)
  A yaktaur (shapeshifter) (Vaults:3)
  A grey draconian zombie (Crypt:1)
  4 kobold demonologists
  43 freezing wraiths
  24 hellwings (Pan)
  44 yaktaurs
  3 rime drakes
  A komodo dragon (shapeshifter) (D:13)
  3 anaconda simulacra
  An ancient zyme (Abyss:4)
  5 human skeletons
  4 yaktaur zombies
  19 demonic crawlers
  5 komodo dragons
  12 hydra zombies
  32 tormentors
  7 efreet
  2 catoblepas skeletons
  6 harpy zombies
  2 golden dragon simulacra (IceCv)
  45 ice devils
  3 jumping spiders
  42 red devils
  6 tengu conjurers
  A queen ant zombie (Crypt:3)
  29 guardian mummies
  An entropy weaver zombie (Crypt:3)
  A black draconian skeleton (Crypt:3)
  4 silent spectres
  A yaktaur skeleton (Vaults:4)
  30 two-headed ogres
  43 merfolk
  2 wolf spider simulacra (IceCv)
  42 slime creatures
  14 trolls
  2 polar bears (shapeshifter) (Depths:3)
  A troll (shapeshifter) (Depths:3)
  3 wind drakes
  7 ettin zombies
  6 polar bears (D:13)
  6 harpy skeletons
  5 raiju
  A shadow dragon simulacrum (Crypt:1)
  3 alligator zombies
  7 boulder beetles
  5 ice dragon zombies
  22 blink frogs
  8 hydra skeletons
  5 snapping turtles (Shoals:4)
  12 ushabtiu
  6 fire dragon zombies
  3 stone giant simulacra
  A fire giant simulacrum (Depths:1)
  4 bog bodies (Coc:7)
  81 flying skulls
  16 starcursed masses
  18 redbacks
  A guardian serpent skeleton (Crypt:2)
  2 tarantellas
  A shock serpent simulacrum (Crypt:1)
  5 alligator skeletons
  A griffon skeleton (Crypt:3)
  29 shadows
  3 dire elephant simulacra
  11 air elementals
  24 wraiths
  A wyvern (Lair:3)
  3 ettin skeletons
  23 water elementals
  2 basilisks
  2 black mamba zombies (Crypt:3)
  46 yaks
  A yak (shapeshifter) (Depths:3)
  2 ice dragon skeletons
  69 ynoxinuls
  13 fire elementals
  24 vampires (Crypt:3)
  7 fire bats (Depths:3)
  2 black mamba skeletons
  6 golden eyes
  8 hogs
  6 humans (Volcano)
  2 hungry ghosts
  18 hippogriffs
  3 yaktaur simulacra
  23 neqoxecs
  24 chaos spawn
  3 mottled dragons
  56 nagas
  6 wargs
  5 harpy simulacra
  12 vampire mosquitoes
  A monstrous demonspawn zombie (Crypt:2)
  3 iron troll simulacra (IceCv)
  2 spatial vortices (Abyss:4)
  2 hydra simulacra
  35 hell hounds
  A hell hound (shapeshifter) (Depths:2)
  2 merfolk zombies
  9 spiny frog zombies
  2 merfolk skeletons
  13 water moccasins
  A deep troll skeleton (Crypt:1)
  A putrid demonspawn skeleton (Geh:1)
  A giant eyeball (shapeshifter) (Vaults:5)
  18 porcupines
  3 sky beasts
  3 spiny frog skeletons
  2 giant eyeballs
  2 phantoms
  2 snapping turtle zombies
  4 black bears
  2 ettin simulacra (IceCv)
  5 eyes of draining
  59 orc warriors
  2 small abominations
  4 wasps
  An eye of draining (shapeshifter) (Depths:1)
  8 ice beasts
  72 ogres
  21 necrophages
  19 boggarts
  6 human zombies
  5 manticore zombies
  13 wolves
  A centaur (shapeshifter) (Vaults:5)
  25 centaurs
  A manticore skeleton (Geh:7)
  3 swamp dragon skeletons
  16 crocodiles
  9 big kobolds
  4 elf zombies
  2 gnoll sergeants
  16 giant frogs
  A fire crab zombie (Crypt:2)
  A merfolk simulacrum (Coc:3)
  3 earth elementals
  A human simulacrum (Vaults:1)
  A deep troll simulacrum (Vaults:3)
  A glowing shapeshifter simulacrum (Vaults:4)
  A wyvern zombie (D:10)
  An elf skeleton (Geh:7)
  3 wyvern skeletons
  4 scorpions
  A queen bee zombie (Crypt:2)
  A boulder beetle zombie (Crypt:1)
  A manticore simulacrum (Crypt:3)
  28 killer bees
  A raiju skeleton (Crypt:2)
  3 spriggan zombies
  4 electric eels
  A polar bear skeleton (Crypt:2)
  51 wights
  A howler monkey (D:12)
  17 crimson imps
  6 draconian simulacra (IceCv)
  5 centaur zombies
  A giant frog zombie (D:12)
  2 quasits
  6 hounds
  A lava snake (D:12)
  17 jellies
  A hound (shapeshifter) (Depths:2)
  A giant frog skeleton (D:8)
  28 iron imps
  43 orc priests
  9 iguanas
  43 orc wizards
  2 hell rats (Hell)
  A polar bear simulacrum (IceCv)
  7 worker ants
  A spriggan simulacrum (IceCv)
  7 troll simulacra (IceCv)
  A wolf simulacrum (IceCv)
  2 killer bee zombies
  31 sheep
  A centaur simulacrum (IceCv)
  A felid skeleton (Crypt:1)
  An ogre skeleton (Geh:7)
  A hound zombie (D:5)
  2 hound skeletons
  47 mummies
  A howler monkey zombie (D:8)
  6 adders
  2 ogre simulacra (IceCv)
  16 gnolls
  2 howler monkey skeletons
  2 naga simulacra (IceCv)
  119 river rats
  26 shadow imps
  11 white imps
  4 ufetubi (IceCv)
  An ooze (D:2)
  An adder skeleton (D:4)
  A sheep skeleton (Crypt:1)
  A worm (D:4)
  A ball lightning (Pan)
  5 dart slugs
  9 giant geckos
  160 orcs
  A ball python (D:2)
  10 giant cockroaches
  8 goblins
  10 hobgoblins
  3 jackals (D:6)
  4 quokkas
  2 river rat zombies
  A ball python zombie (Crypt:3)
  5 bats
  A giant gecko zombie (D:8)
  14 giant newts
  22 kobolds
  A kobold skeleton (Tar:3)
  2 kobold zombies
  An orc skeleton (Crypt:1)
  15 rats
  An eldritch tentacle segment (Tar:5)
  2 fire vortices
  3 lost souls
  2 plants
  7 starspawn tentacles
  12 tentacles
5348 creatures vanquished.

Vanquished Creatures (collateral kills)
  Erolcha (D:11)
  2 skeletal warriors (Tar:5)
  A storm dragon skeleton (Tar:3)
  A golden dragon skeleton (Tar:3)
  A flying skull (Tar:5)
  2 hell hounds (Tar:5)
  A phantom (Tar:3)
  2 necrophages (Tar:5)
  An electric eel (D:12)
  A worker ant (D:5)
  A goblin (D:2)
14 creatures vanquished.

Vanquished Creatures (others)
  A bone dragon (Zot:3)
  5 eldritch tentacles
  A draconian scorcher (Zot:2)
  A yaktaur captain (Vaults:3)
  A soul eater (Pan)
  A spatial maelstrom (Zot:5)
  2 shadow demons (Tar:3)
  A skeletal warrior (Tar:5)
  5 deep elf archers
  A necromancer (Vaults:4)
  A smoke demon (Pan)
  7 yaktaurs
  A red devil (Pan)
  A harpy zombie (Tomb:2)
  6 flying skulls
  A wraith (Geh:4)
  A ynoxinul (Pan)
  6 hell hounds
  2 ogres
  2 centaurs
  A boggart (Depths:4)
  2 wights (Geh:6)
  2 crimson imps (Geh:7)
  3 iron imps
  A hell rat (Hell)
  A big kobold zombie (Crypt:3)
  A hell rat skeleton (Crypt:2)
  3 ufetubi (IceCv)
  21 ball lightnings (Pan)
  An orc (Vaults:2)
  4 demonic plants (Abyss:5)
  319 eldritch tentacle segments
  A fire vortex (Pan)
  13 fungi
  11 lost souls
  41 plants
  8 starspawn tentacles
  91 starspawn tentacle segments
  24 tentacles
  1217 tentacle segments
1812 creatures vanquished.

Grand Total: 7174 creatures vanquished

Notes
Turn   | Place    | Note
--------------------------------------------------------------
     0 | D:1      | Gruud the Octopode Transmuter began the quest for the Orb.
     0 | D:1      | Reached XP level 1. HP: 13/13 MP: 3/3
    87 | D:1      | Reached XP level 2. HP: 17/18 MP: 5/5
   351 | D:1      | Learned a level 2 spell: Sticks to Snakes
   521 | D:1      | Reached XP level 3. HP: 23/24 MP: 6/6
   923 | D:2      | Learned a level 3 spell: Spider Form
  1275 | D:2      | Reached XP level 4. HP: 26/29 MP: 5/7
  1396 | D:2      | Reached skill level 4 in Unarmed Combat
  1449 | D:2      | Reached XP level 5. HP: 7/35 MP: 5/8
  2814 | D:4      | Reached XP level 6. HP: 25/41 MP: 7/9
  3223 | D:4      | Found an iron altar of Okawaru.
  3334 | D:5      | Entered Level 5 of the Dungeon
  3362 | D:5      | Reached skill level 5 in Unarmed Combat
  3390 | D:5      | Noticed a sky beast
  3404 | D:5      | Killed a sky beast
  3404 | D:5      | Reached XP level 7. HP: 18/46 MP: 7/10
  3625 | D:5      | Found a sacrificial altar of Ru.
  3786 | D:5      | Reached skill level 5 in Transmutations
  3918 | D:5      | Reached skill level 6 in Unarmed Combat
  4094 | D:5      | Found a staircase to the Ecumenical Temple.
  4102 | D:5      | Reached XP level 8. HP: 28/54 MP: 7/11
  4128 | Temple   | Entered the Ecumenical Temple
  4246 | Temple   | Became a worshipper of Cheibriados the Contemplative
  4503 | D:5      | Learned a level 5 spell: Silence
  4755 | D:6      | Reached skill level 1 in Invocations
  4998 | D:6      | Reached * piety under Cheibriados
  5133 | D:6      | Found an opulent altar of Gozag.
  5134 | D:6      | Found a sparkling altar of Nemelex Xobeh.
  5320 | D:6      | Noticed Pikel
  5332 | D:6      | Killed Pikel
  5332 | D:6      | Reached skill level 7 in Unarmed Combat
  5332 | D:6      | Reached XP level 9. HP: 45/60 MP: 9/12
  5338 | D:6      | Reached skill level 5 in Fighting
  5571 | D:7      | Found Nineuty's Jewellery Boutique.
  5584 | D:7      | Bought an uncursed ring of protection from magic for 325 gold pieces
  6163 | D:7      | Found a basalt altar of Yredelemnul.
  6209 | D:7      | Reached ** piety under Cheibriados
  6209 | D:7      | Reached skill level 8 in Unarmed Combat
  6286 | D:7      | Found a deep blue altar of Sif Muna.
  6724 | D:8      | Found a shattered altar of Ashenzari.
  6982 | D:8      | Reached *** piety under Cheibriados
  6995 | D:8      | Reached XP level 10. HP: 49/68 MP: 13/13
  6998 | D:8      | Reached skill level 9 in Unarmed Combat
  7284 | D:8      | Found a shadowy altar of Dithmenos.
  7475 | D:9      | Learned a level 4 spell: Ice Form
  7527 | D:9      | Reached **** piety under Cheibriados
  7543 | D:9      | Found Ifatan's Assorted Antiques.
  7570 | D:9      | Noticed a wizard
  7581 | D:9      | Killed a wizard
  7667 | D:9      | Found a shimmering altar of Xom.
  7836 | D:9      | Found Qoip's Book Emporium.
  7846 | D:9      | Found a radiant altar of Vehumet.
  7895 | D:9      | Found Mepecatz's Antique Weapon Shoppe.
  7905 | D:9      | Reached skill level 10 in Unarmed Combat
  8535 | D:9      | Reached skill level 10 in Transmutations
  8549 | D:9      | Reached XP level 11. HP: 62/74 MP: 13/15
  8557 | D:9      | Reached ***** piety under Cheibriados
  8627 | D:10     | Entered Level 10 of the Dungeon
  8663 | D:10     | Found a staircase to the Lair.
  8793 | D:10     | Killed an unseen horror
  9093 | D:10     | You fall through a shaft for 2 floors!
  9104 | D:12     | Reached skill level 11 in Unarmed Combat
  9195 | D:11     | Noticed a cyclops
  9211 | D:11     | Killed a cyclops
  9272 | D:11     | Noticed a cyclops
  9288 | D:11     | Killed a cyclops
  9317 | D:11     | Reached ****** piety under Cheibriados
  9329 | D:11     | Found a roughly hewn altar of Beogh.
  9361 | D:11     | Found a staircase to the Orcish Mines.
  9378 | D:11     | Noticed Erolcha
  9386 | D:11     | Killed Erolcha
  9386 | D:11     | Reached skill level 5 in Spellcasting
  9703 | D:11     | Noticed an eight-headed hydra
  9708 | D:11     | Killed an eight-headed hydra
  9913 | D:11     | Reached XP level 12. HP: 82/82 MP: 16/20
 10423 | Orc:1    | Entered Level 1 of the Orcish Mines
 10629 | Orc:1    | Reached skill level 12 in Unarmed Combat
 10748 | Orc:1    | Reached skill level 5 in Dodging
 10847 | Orc:1    | Reached skill level 5 in Invocations
 11157 | Orc:1    | Noticed an orc high priest
 11172 | Orc:1    | Killed an orc high priest
 11353 | Orc:2    | Entered Level 2 of the Orcish Mines
 11454 | Orc:2    | Found Yseicam's Distillery.
 11608 | D:9      | Bought a book of Transfigurations for 935 gold pieces
 11615 | D:9      | Learned a level 6 spell: Statue Form
 11815 | D:12     | Reached skill level 1 in Earth Magic
 11913 | D:12     | Found Piumn's Book Boutique.
 11969 | D:12     | Noticed a catoblepas
 12160 | D:12     | Reached XP level 13. HP: 70/90 MP: 22/22
 12379 | D:13     | Found a gate to the Vaults.
 12379 | D:13     | Noticed a vault guard
 12379 | D:13     | Noticed a vault guard
 12379 | D:13     | Noticed a vault guard
 12380 | D:13     | Noticed a vault guard
 12380 | D:13     | Noticed a vault guard
 12380 | D:13     | Noticed a vault guard
 12380 | D:13     | Noticed a vault guard
 12380 | D:13     | Noticed a vault guard
 12389 | D:13     | Killed a vault guard
 12392 | D:13     | Killed a vault guard
 12395 | D:13     | Killed a vault guard
 12400 | D:13     | Killed a vault guard
 12405 | D:13     | Killed a vault guard
 12408 | D:13     | Killed a vault guard
 12411 | D:13     | Killed a vault guard
 12530 | D:13     | Reached skill level 5 in Earth Magic
 12788 | D:13     | Killed a vault guard
 12920 | D:13     | Found a huge runed gate.
 12921 | D:13     | Found a huge runed gate.
 12959 | D:13     | Found a huge runed gate.
 12959 | D:13     | Found a huge runed gate.
 13002 | D:13     | Reached skill level 10 in Fighting
 13501 | D:13     | Reached skill level 10 in Invocations
 13501 | D:13     | Reached XP level 14. HP: 82/99 MP: 23/23
 13932 | D:14     | Found an oddly glowing altar of Pakellas.
 13932 | D:14     | Found Pakellas's Prime Provisions.
 14222 | D:14     | Noticed Nessos
 14227 | D:14     | Killed Nessos
 14683 | D:15     | Entered Level 15 of the Dungeon
 14683 | D:15     | Noticed Josephine
 14694 | D:15     | Killed Josephine
 14955 | D:15     | Found a radiant altar of Vehumet.
 15447 | D:15     | Found a staircase to the Depths.
 16130 | Lair:1   | Entered Level 1 of the Lair of Beasts
 16162 | Lair:1   | Noticed izbit's ghost (novice MfGl)
 16169 | Lair:1   | Killed izbit's ghost
 16174 | Lair:1   | Noticed Nergalle
 16177 | Lair:1   | Killed Nergalle
 17404 | Lair:2   | Reached XP level 15. HP: 107/107 MP: 24/24
 17414 | Lair:2   | Reached skill level 10 in Earth Magic
 17701 | Lair:3   | Found a dark tunnel.
 17707 | Volcano  | Entered a volcano
 17884 | Volcano  | Reached skill level 5 in Shields
 17884 | Volcano  | Reached XP level 16. HP: 113/113 MP: 25/25
 17943 | Lair:3   | Found a staircase to the Snake Pit.
 18052 | Lair:3   | Reached skill level 13 in Unarmed Combat
 18670 | Lair:3   | Learned a level 5 spell: Alistair's Intoxication
 18676 | Lair:3   | Learned a level 5 spell: Yara's Violent Unravelling
 19231 | Lair:4   | Found a blossoming altar of Fedhas.
 20002 | Lair:5   | Found a staircase to the Shoals.
 20239 | Lair:5   | Identified a scroll of acquirement
 21806 | Lair:7   | Found a viscous altar of Jiyva.
 21807 | Lair:7   | Found a staircase to the Slime Pits.
 21838 | Lair:7   | Learned a level 6 spell: Deflect Missiles
 22173 | Lair:8   | Entered Level 8 of the Lair of Beasts
 22697 | Lair:8   | Reached XP level 17. HP: 115/119 MP: 23/27
 23090 | Lair:5   | Reached skill level 14 in Unarmed Combat
 23265 | Orc:2    | Bought a potion of agility for 64 gold pieces
 23265 | Orc:2    | Bought a potion of heal wounds for 80 gold pieces
 23367 | Orc:2    | Found a staircase to the Elven Halls.
 23613 | Orc:2    | Found Duaseg's Antique Armour Boutique.
 23613 | Orc:2    | Found Buxyaky's Gadget Shop.
 23613 | Orc:2    | Found Guuwin's Assorted Antiques.
 23619 | Orc:2    | Found Viuv's Antique Weapon Shop.
 23624 | Orc:2    | Gained mutation: You occasionally shout uncontrollably at your foes. [a neqoxec]
 23642 | Orc:2    | Bought a scroll labeled FILEC YBITWA for 27 gold pieces
 23642 | Orc:2    | Bought 2 scrolls of identify for 108 gold pieces
 23642 | Orc:2    | Bought a scroll of magic mapping for 94 gold pieces
 24063 | Snake:1  | Entered Level 1 of the Snake Pit
 24088 | Snake:1  | Found a sparkling altar of Nemelex Xobeh.
 24354 | Snake:1  | Noticed Agnes
 24360 | Snake:1  | Noticed Aizul
 24360 | Snake:1  | Killed Agnes
 24364 | Snake:1  | Killed Aizul
 24697 | Snake:2  | Found a frozen archway.
 24735 | IceCv    | Entered an ice cave
 25196 | IceCv    | Reached skill level 10 in Shields
 25647 | Snake:2  | Noticed Roxanne
 25662 | Snake:2  | Found Laot's Gadget Shoppe.
 25979 | Snake:2  | Killed Roxanne
 25981 | Snake:2  | Identified Roxanne's Reference Book on Stones (You took it off Roxanne on level 2 of the Snake Pit)
 26029 | Snake:3  | Noticed Kirke
 26047 | Snake:3  | Killed Kirke
 26047 | Snake:3  | Reached XP level 18. HP: 127/127 MP: 28/28
 26289 | Snake:3  | Reached skill level 15 in Unarmed Combat
 26736 | Snake:4  | Entered Level 4 of the Snake Pit
 26925 | Snake:4  | Noticed Vashnia
 26929 | Snake:4  | Killed Vashnia
 27352 | Snake:4  | Upgraded the game from 0.18-a0-1721-gc4d1f22 to 0.18-a0-1730-g73f0523
 27752 | Snake:4  | Found Voihowu's Weapon Boutique.
 27795 | Snake:4  | Reached XP level 19. HP: 134/134 MP: 26/29
 27808 | Snake:4  | Reached skill level 16 in Unarmed Combat
 27882 | Snake:4  | Reached skill level 10 in Dodging
 28041 | Snake:4  | Got a serpentine rune of Zot
 28193 | Shoals:1 | Entered Level 1 of the Shoals
 28193 | Shoals:1 | Found Kosowikh's Antique Weapon Boutique.
 29653 | Shoals:3 | Reached XP level 20. HP: 142/142 MP: 27/30
 29685 | Shoals:4 | Entered Level 4 of the Shoals
 29693 | Shoals:4 | Noticed Ilsuiw
 29701 | Shoals:4 | Killed Ilsuiw
 29701 | Shoals:4 | Reached skill level 17 in Unarmed Combat
 29854 | Shoals:4 | Got a barnacled rune of Zot
 30113 | Shoals:4 | Learned a level 2 spell: Sublimation of Blood
 30415 | Shoals:3 | Upgraded the game from 0.18-a0-1730-g73f0523 to 0.18-a0-1745-gffa9a88
 30704 | Vaults:1 | Entered Level 1 of the Vaults
 30771 | Vaults:1 | Noticed Jorgrun
 30771 | Vaults:1 | Noticed Norris
 30774 | Vaults:1 | Killed Jorgrun
 30777 | Vaults:1 | Killed Norris
 32058 | Vaults:2 | Reached XP level 21. HP: 149/149 MP: 29/31
 32345 | Vaults:2 | Reached skill level 18 in Unarmed Combat
 33586 | Vaults:3 | Noticed Asterion
 33595 | Vaults:3 | Killed Asterion
 33673 | Vaults:3 | Noticed Frederick
 33681 | Vaults:3 | Killed Frederick
 33772 | Vaults:3 | Reached skill level 15 in Fighting
 33842 | Vaults:3 | Found Faopn's Jewellery Emporium.
 33850 | Vaults:3 | Bought the ring "Plog" {MR+ Str+4 Dex+3} for 697 gold pieces
 33976 | Vaults:3 | Noticed Donald
 33981 | Vaults:3 | Killed Donald
 34095 | Vaults:3 | Found a staircase to the Crypt.
 34298 | Vaults:3 | Reached XP level 22. HP: 157/157 MP: 26/32
 34944 | Vaults:4 | Reached skill level 19 in Unarmed Combat
 35009 | Vaults:4 | Reached skill level 15 in Transmutations
 35627 | Vaults:4 | Noticed Xtahua
 35634 | Vaults:4 | Killed Xtahua
 35658 | Vaults:4 | Found Gozag's Antique Weapon Emporium.
 35694 | Vaults:4 | Gained mutation: Your natural rate of healing is unusually fast. [mutagenic meat]
 35695 | Vaults:4 | Gained mutation: You are robust (+10% HP). [mutagenic meat]
 35696 | Vaults:4 | Gained mutation: You have supernaturally acute eyesight. [mutagenic meat]
 35698 | Vaults:4 | Gained mutation: You are clumsy. (Dex -2) [mutagenic meat]
 35699 | Vaults:4 | Gained mutation: You can translocate small distances at will. [mutagenic meat]
 35701 | Vaults:4 | Gained mutation: Your magical capacity is low (-10% MP). [mutagenic meat]
 35703 | Vaults:4 | Gained mutation: You are partially covered in molten scales (AC +1). [mutagenic meat]
 35706 | Vaults:4 | Gained mutation: Your mind is acute. (Int +2) [potion of beneficial mutation]
 35714 | Vaults:4 | Found an opulent altar of Gozag.
 35714 | Vaults:4 | Found Gozag's Antique Weapon Emporium.
 35729 | Vaults:4 | Found Gozag's Assorted Antiques.
 36049 | Vaults:5 | Entered Level 5 of the Vaults
 36067 | Vaults:5 | Noticed Saint Roka
 36074 | Vaults:5 | Reached XP level 23. HP: 94/180 MP: 9/30
 36074 | Vaults:5 | Reached skill level 15 in Earth Magic
 36179 | Vaults:5 | Noticed a golden dragon
 36263 | Vaults:5 | Killed a golden dragon
 36270 | Vaults:5 | Killed Saint Roka
 36270 | Vaults:5 | Reached skill level 15 in Shields
 36270 | Vaults:5 | Reached skill level 1 in Air Magic
 36285 | Vaults:5 | Reached skill level 20 in Unarmed Combat
 36367 | Vaults:5 | Noticed a golden dragon
 36374 | Vaults:5 | Killed a golden dragon
 36377 | Vaults:5 | Found Qatyant's Distillery.
 36377 | Vaults:5 | Found Punweobb's Jewellery Shop.
 36380 | Vaults:5 | Paralysed by a giant eyeball for 4 turns
 36429 | Vaults:5 | Gained mutation: Your spells are a little easier to cast, but a little less powerful. [mutagenic meat]
 36432 | Vaults:5 | Lost mutation: You have supernaturally acute eyesight. [mutagenic meat]
 36437 | Vaults:5 | Bought the ring of the Mage {Wiz MR++ Int+3} for 1189 gold pieces
 36437 | Vaults:5 | Bought the ring of the Genius {rF+ rC+ MP+9 Int+3} for 1087 gold pieces
 36477 | Vaults:5 | Got a silver rune of Zot
 36560 | Vaults:5 | Reached skill level 5 in Air Magic
 36563 | Vaults:5 | Found Tunu's Distillery.
 36578 | Vaults:5 | Found Duykh's Gadget Shop.
 36886 | Vaults:5 | Reached XP level 24. HP: 188/188 MP: 31/31
 37003 | Vaults:5 | Found Usir's Assorted Antiques.
 37038 | Vaults:5 | Bought a scroll of fog for 86 gold pieces
 37060 | Vaults:5 | Learned a level 8 spell: Controlled Blink
 37280 | Vaults:3 | Lost mutation: Your mind is acute. (Int +2) [mutagenic meat]
 37281 | Vaults:3 | Gained mutation: Your muscles are strong. (Str +2) [mutagenic meat]
 37285 | Vaults:3 | Gained mutation: You are very clumsy. (Dex -4) [mutagenic meat]
 37288 | Vaults:3 | Gained mutation: Your mind is acute. (Int +2) [mutagenic meat]
 37325 | Crypt:1  | Entered Level 1 of the Crypt
 38063 | Crypt:2  | Reached skill level 21 in Unarmed Combat
 38223 | Crypt:2  | Found a basalt altar of Yredelemnul.
 38468 | Crypt:3  | Entered Level 3 of the Crypt
 38509 | Crypt:3  | Noticed Wiglaf
 38514 | Crypt:3  | Killed Wiglaf
 38635 | Crypt:3  | Found a staircase to the Tomb.
 38750 | Crypt:3  | Reached XP level 25. HP: 198/198 MP: 32/32
 39033 | Crypt:3  | Noticed Jory
 39040 | Crypt:3  | Killed Jory
 39087 | Crypt:3  | Noticed Mara
 39093 | Crypt:3  | Noticed Gruud's illusion
 39115 | Crypt:3  | Killed Mara
 39115 | Crypt:3  | Reached skill level 10 in Air Magic
 39469 | Crypt:3  | Got a bound bone amulet
 39470 | Crypt:3  | Identified the amulet of Fabodo {Inacc Dex+3} (You found it on level 3 of the Crypt)
 39789 | Vaults:5 | Bought a potion of cancellation for 120 gold pieces
 39789 | Vaults:5 | Bought a potion of might for 60 gold pieces
 39789 | Vaults:5 | Bought a potion of resistance for 150 gold pieces
 39789 | Vaults:5 | Bought a potion of cancellation for 120 gold pieces
 39789 | Vaults:5 | Bought a potion of agility for 60 gold pieces
 39789 | Vaults:5 | Bought a potion of heal wounds for 75 gold pieces
 39789 | Vaults:5 | Bought a potion of might for 60 gold pieces
 39838 | Vaults:5 | Bought a potion of agility for 80 gold pieces
 39838 | Vaults:5 | Bought a potion of invisibility for 160 gold pieces
 39838 | Vaults:5 | Bought a potion of cancellation for 160 gold pieces
 39838 | Vaults:5 | Bought a potion of might for 80 gold pieces
 39838 | Vaults:5 | Bought a potion of heal wounds for 100 gold pieces
 39838 | Vaults:5 | Bought a potion of ambrosia for 160 gold pieces
 39838 | Vaults:5 | Bought 3 potions of heal wounds for 300 gold pieces
 39900 | Vaults:5 | Lost mutation: Your muscles are strong. (Str +2) [mutagenic meat]
 39901 | Vaults:5 | Lost mutation: Your magical capacity is low (-10% MP). [mutagenic meat]
 40194 | D:7      | Bought an uncursed ring of resist corrosion for 260 gold pieces
 40320 | Orc:2    | Bought a potion of cure mutation for 400 gold pieces
 40320 | Orc:2    | Bought a potion of mutation for 40 gold pieces
 40357 | Elf:1    | Entered Level 1 of the Elven Halls
 40395 | Elf:1    | Reached skill level 15 in Dodging
 40686 | Elf:1    | Found a portal to a secret trove of treasure.
 41071 | Elf:2    | Found Kazituar's Assorted Antiques.
 41140 | Elf:2    | Found Wygadisk's Antique Armour Shoppe.
 41403 | Elf:2    | Found a runed gate.
 41403 | Elf:2    | Found a runed gate.
 41403 | Elf:2    | Found a runed gate.
 41589 | Elf:3    | Entered Level 3 of the Elven Halls
 41964 | Elf:3    | Found Seora's Gadget Shoppe.
 42144 | Elf:3    | Reached skill level 10 in Spellcasting
 42280 | Elf:3    | Reached skill level 22 in Unarmed Combat
 42310 | Elf:3    | Reached XP level 26. HP: 206/206 MP: 36/37
 42431 | Elf:3    | Identified Qalocisu's Catalogue of Mutagenic Displacement (You found it on level 3 of the Elven Halls)
 42434 | Elf:3    | Learned a level 1 spell: Apportation
 42467 | Elf:3    | Learned a level 2 spell: Cure Poison
 42489 | Elf:3    | Got a fine ruby amulet
 42490 | Elf:3    | Identified the amulet "Iseet" {Inacc *Corrode +Inv rPois Int+2} (You found it on level 3 of the Elven Halls)
 42594 | Elf:3    | Identified the Collected Works on Harmful Dark Rituals (You found it on level 3 of the Elven Halls)
 42828 | Orc:2    | Bought a potion of magic for 128 gold pieces
 42925 | Elf:3    | Bought a wand of teleportation (4/9) for 312 gold pieces
 43355 | Slime:1  | Entered Level 1 of the Pits of Slime
 43405 | Slime:5  | Gained mutation: Scrolls take you a little longer to read. [a shining eye]
 43433 | Slime:6  | Entered Level 6 of the Pits of Slime
 43449 | Slime:6  | Gained mutation: Your spells are easier to cast, but less powerful. [a shining eye]
 43449 | Slime:6  | Lost mutation: Your mind is acute. (Int +2) [a shining eye]
 43478 | Slime:6  | Noticed the Royal Jelly
 43481 | Slime:6  | Killed the Royal Jelly
 43540 | Slime:6  | Got a slimy rune of Zot
 43581 | Slime:6  | Got a glittering marble ring
 43584 | Slime:6  | Identified the ring of Qeloo {+Inv rPois rN+ Dex+3} (You found it on level 6 of the Pits of Slime)
 43655 | Slime:6  | Identified Zapp's Grimoire of Captivating Clay (You found it on level 6 of the Pits of Slime)
 43679 | Slime:6  | Identified the Catalogue of Earth (You found it on level 6 of the Pits of Slime)
 44072 | Depths:1 | Entered Level 1 of the Depths
 44104 | Depths:1 | Lost mutation: Your spells are easier to cast, but less powerful. [mutagenic meat]
 44105 | Depths:1 | Gained mutation: You have an increased reservoir of magic (+10% MP). [mutagenic meat]
 44106 | Depths:1 | Lost mutation: You have an increased reservoir of magic (+10% MP). [mutagenic meat]
 44107 | Depths:1 | Lost mutation: You are very clumsy. (Dex -4) [mutagenic meat]
 44108 | Depths:1 | Lost mutation: Scrolls take you a little longer to read. [mutagenic meat]
 44365 | Depths:1 | Found a gateway to Hell.
 44405 | Depths:1 | Found Nusuinou's Blasphemy Boutique.
 44413 | Depths:1 | Found an ancient bone altar of Kikubaaqudgha.
 44906 | Depths:2 | Paralysed by a giant eyeball for 4 turns
 44910 | Depths:2 | Paralysed by a giant eyeball for 2 turns
 44917 | Depths:2 | Paralysed by a giant eyeball for 3 turns
 45269 | Depths:2 | Reached XP level 27. HP: 214/214 MP: 38/38
 45647 | Depths:3 | Reached skill level 23 in Unarmed Combat
 45864 | Depths:3 | Found a one-way gate leading to the halls of Pandemonium.
 45940 | Depths:3 | Noticed Margery
 45946 | Depths:3 | Killed Margery
 46281 | Depths:3 | Found a runed gate.
 46281 | Depths:3 | Found a runed gate.
 46281 | Depths:3 | Found a runed gate.
 46284 | Depths:3 | Noticed a juggernaut
 46288 | Depths:3 | Noticed a juggernaut
 46300 | Depths:3 | Killed a juggernaut
 46305 | Depths:3 | Killed a juggernaut
 46358 | Depths:3 | Found a runed gate.
 46358 | Depths:3 | Found a runed gate.
 46358 | Depths:3 | Found a runed gate.
 46364 | Depths:3 | Identified the Handbook of the Birds and Curses
 46368 | Depths:3 | Identified Seijaol's Volume of Supportive Confrontation
 46726 | Depths:4 | Noticed a juggernaut
 46731 | Depths:4 | Killed a juggernaut
 46834 | Depths:4 | Reached skill level 1 in Translocations
 47033 | Depths:4 | Reached skill level 15 in Air Magic
 47416 | Depths:4 | Found a gateway to a ziggurat.
 47490 | Depths:4 | Found a one-way gate to the infinite horrors of the Abyss.
 47541 | Depths:5 | Entered Level 5 of the Depths
 47577 | Depths:5 | Upgraded the game from 0.18-a0-1745-gffa9a88 to 0.18-a0-1747-g18c4181
 47672 | Depths:5 | Reached skill level 5 in Translocations
 47708 | Depths:5 | Found a gate to the Realm of Zot.
 48092 | Depths:5 | Found Tiyfu's Armour Shoppe.
 48456 | Zot:1    | Entered Level 1 of the Realm of Zot
 48650 | Zot:1    | Reached skill level 24 in Unarmed Combat
 49507 | Zot:2    | Reached skill level 10 in Translocations
 49662 | Zot:2    | Noticed an orb of fire
 49682 | Zot:2    | Noticed an orb of fire
 49682 | Zot:2    | Lost mutation: Your natural rate of healing is unusually fast. [an orb of fire]
 49686 | Zot:2    | Killed an orb of fire
 49756 | Zot:2    | Killed an orb of fire
 50033 | Zot:3    | Reached skill level 25 in Unarmed Combat
 50047 | Zot:3    | Identified the Tome of Lucky Earth (You found it on level 3 of the Realm of Zot)
 51837 | Zot:5    | Entered Level 5 of the Realm of Zot
 52000 | Zot:5    | Noticed an ancient lich
 52006 | Zot:5    | Noticed an orb of fire
 52013 | Zot:5    | Noticed an orb of fire
 52013 | Zot:5    | Killed an orb of fire
 52014 | Zot:5    | Killed an ancient lich
 52015 | Zot:5    | Lost mutation: You are robust (+10% HP). [an orb of fire]
 52021 | Zot:5    | Killed an orb of fire
 52049 | Zot:5    | Noticed an ancient lich
 52053 | Zot:5    | Killed an ancient lich
 52110 | Zot:5    | Noticed an ancient lich
 52118 | Zot:5    | Killed an ancient lich
 52146 | Zot:5    | Noticed an orb of fire
 52150 | Zot:5    | Killed an orb of fire
 52157 | Zot:5    | Reached skill level 26 in Unarmed Combat
 52173 | Zot:5    | Noticed an orb of fire
 52174 | Zot:5    | Gained mutation: You tend to lose your temper in combat. [an orb of fire]
 52174 | Zot:5    | Gained mutation: Your body sometimes deteriorates upon taking damage. [an orb of fire]
 52183 | Zot:5    | Killed an orb of fire
 52278 | Zot:5    | Noticed an orb of fire
 52283 | Zot:5    | Killed an orb of fire
 52398 | Zot:5    | Cast into level 3 of the Abyss (green draconian)
 52654 | Abyss:4  | Got an abyssal rune of Zot
 52663 | Zot:5    | Escaped the Abyss
 52672 | Zot:5    | Reached skill level 15 in Translocations
 53219 | D:12     | Upgraded the game from 0.18-a0-1747-g18c4181 to 0.18-a0-1748-g7377c14
 53266 | D:12     | Bought a book of Summonings for 910 gold pieces
 53272 | D:12     | Learned a level 5 spell: Aura of Abjuration
 53528 | Depths:3 | Reached skill level 15 in Invocations
 53705 | Depths:4 | Upgraded the game from 0.18-a0-1748-g7377c14 to 0.18-a0-1764-gf4ddf0b
 53790 | Pan      | Entered Pandemonium
 53850 | Pan      | Found an exit through the horrors of the Abyss.
 53874 | Pan      | Gained mutation: Potions and wands are less effective at restoring your health. [a neqoxec]
 53942 | Pan      | Found an exit through the horrors of the Abyss.
 54377 | Pan      | Gained mutation: Your body often deteriorates upon taking damage. [a neqoxec]
 54429 | Pan      | Noticed JohnFord's ghost (legendary GrEE)
 54432 | Pan      | Gained mutation: You are very clumsy. (Dex -4) [a cacodemon]
 54491 | Pan      | Killed JohnFord's ghost
 54540 | Pan      | Noticed Wamouc the pandemonium lord
 54547 | Pan      | Killed Wamouc the pandemonium lord
 54577 | Pan      | Found an exit through the horrors of the Abyss.
 54789 | Pan      | Lost mutation: Your body often deteriorates upon taking damage. [potion of mutation]
 54789 | Pan      | Lost mutation: You tend to lose your temper in combat. [potion of mutation]
 54791 | Pan      | Gained mutation: You are partially covered in icy blue scales (AC +1). [potion of mutation]
 54792 | Pan      | Gained mutation: You possess an exceptional clarity of mind. [potion of mutation]
 54792 | Pan      | Gained mutation: Your system is resistant to poisons. [potion of mutation]
 54871 | Pan      | Found an exit through the horrors of the Abyss.
 54916 | Pan      | Noticed Caggyeng the pandemonium lord
 54920 | Pan      | Killed Caggyeng the pandemonium lord
 55143 | Pan      | Found an exit through the horrors of the Abyss.
 55252 | Pan      | Gained mutation: Scrolls take you a little longer to read. [a neqoxec]
 55309 | Pan      | Noticed Peitodups the pandemonium lord
 55322 | Pan      | Reached skill level 27 in Unarmed Combat
 55341 | Pan      | Killed Peitodups the pandemonium lord
 55420 | Pan      | Entered the realm of Cerebov.
 55532 | Pan      | Noticed Cerebov
 55550 | Pan      | Killed Cerebov
 55816 | Pan      | Got a smoking turquoise ring
 55819 | Pan      | Identified the ring "Orghurgh" {Wiz rN+} (You took it off a balrug in Pandemonium)
 55914 | Pan      | Got a transparent brass ring
 55917 | Pan      | Identified the ring of the Philosopher {rCorr rPois rN+ Int-3 Dex+4} (You found it in Pandemonium)
 55943 | Pan      | Learned a level 7 spell: Malign Gateway
 55975 | Pan      | Identified the Tome of Floating Changing (You found it in Pandemonium)
 55981 | Pan      | Got a coiled brass ring
 55984 | Pan      | Identified the ring "Kogroasu" {rF+ MR+ Stlth+} (You found it in Pandemonium)
 56112 | Pan      | Got a fiery rune of Zot
 56160 | Pan      | Reached skill level 1 in Stealth
 56268 | Pan      | Reached skill level 1 in Summonings
 56380 | Pan      | Noticed Puddawn the pandemonium lord
 56392 | Pan      | Killed Puddawn the pandemonium lord
 56448 | Pan      | Entered the realm of Lom Lobon.
 56571 | Pan      | Got a magical rune of Zot
 56572 | Pan      | Noticed Lom Lobon
 56802 | Pan      | Killed Lom Lobon
 56966 | Pan      | Found an exit through the horrors of the Abyss.
 57097 | Pan      | Reached skill level 5 in Stealth
 57175 | Pan      | Noticed Gekes Hogaa the pandemonium lord
 57186 | Pan      | Killed Gekes Hogaa the pandemonium lord
 57225 | Pan      | Found an exit through the horrors of the Abyss.
 57480 | Pan      | Gained mutation: You tend to lose your temper in combat. [a cacodemon]
 57757 | Pan      | Reached skill level 5 in Summonings
 57820 | Pan      | Found an exit through the horrors of the Abyss.
 57998 | Pan      | Noticed Xess the pandemonium lord
 58005 | Pan      | Killed Xess the pandemonium lord
 58025 | Pan      | Got a demonic rune of Zot
 58121 | Pan      | Noticed Nainec the pandemonium lord
 58127 | Pan      | Killed Nainec the pandemonium lord
 58349 | Pan      | Found an exit through the horrors of the Abyss.
 58484 | Pan      | Found an exit through the horrors of the Abyss.
 58490 | Pan      | Noticed Woogus the pandemonium lord
 58503 | Pan      | Killed Woogus the pandemonium lord
 58519 | Pan      | Gained mutation: You are weak. (Str -2) [a cacodemon]
 58727 | Pan      | Upgraded the game from 0.18-a0-1764-gf4ddf0b to 0.18-a0-1773-gec4f98e
 58754 | Pan      | Gained mutation: You are dopey. (Int -2) [a neqoxec]
 58754 | Pan      | Gained mutation: You often lose your temper in combat. [a neqoxec]
 58761 | Pan      | Gained mutation: Your spells are easier to cast, but less powerful. [a neqoxec]
 58764 | Pan      | Gained mutation: You have an uncontrollable temper. [a neqoxec]
 58779 | Pan      | Gained mutation: You expend magic power (3 MP) to strengthen your wands. [a neqoxec]
 58781 | Pan      | Noticed Hacyutozu the pandemonium lord
 58788 | Pan      | Killed Hacyutozu the pandemonium lord
 58899 | Pan      | Found an exit through the horrors of the Abyss.
 59033 | Pan      | Noticed Oficuogh the pandemonium lord
 59047 | Pan      | Killed Oficuogh the pandemonium lord
 59089 | Pan      | Reached skill level 10 in Stealth
 59205 | Pan      | Noticed Mohu the pandemonium lord
 59222 | Pan      | Killed Mohu the pandemonium lord
 59543 | Pan      | Entered the realm of Gloorx Vloq.
 59664 | Pan      | Noticed Gloorx Vloq
 59673 | Pan      | Killed Gloorx Vloq
 59677 | Pan      | Got a dark rune of Zot
 59687 | Pan      | Got a wavering pewter amulet
 59690 | Pan      | Identified the amulet "Sokehak" {Inacc rF+ MR+} (You found it in Pandemonium)
 59745 | Pan      | Entered the realm of Mnoleg.
 59746 | Pan      | Gained mutation: You are very dopey. (Int -4) [a cacodemon]
 59790 | Pan      | Noticed Mnoleg
 59791 | Pan      | Lost mutation: Potions and wands are less effective at restoring your health. [a neqoxec]
 59794 | Pan      | Gained mutation: You are frail (-10% HP). [Mnoleg's mutagenic touch]
 59805 | Pan      | Killed Mnoleg
 59823 | Pan      | Reached skill level 15 in Spellcasting
 59825 | Pan      | Gained mutation: You are very frail (-20% HP). [a neqoxec]
 59829 | Pan      | Gained mutation: Scrolls take you longer to read. [a neqoxec]
 59829 | Pan      | Gained mutation: You are very weak. (Str -4) [a neqoxec]
 59831 | Pan      | Gained mutation: Potions and wands are less effective at restoring your health. [a cacodemon]
 59833 | Pan      | Gained mutation: You sometimes yell uncontrollably at your foes. [a cacodemon]
 59834 | Pan      | Gained mutation: Your magical capacity is low (-10% MP). [a cacodemon]
 59869 | Pan      | Lost mutation: Your spells are easier to cast, but less powerful. [mutagenic meat]
 59872 | Pan      | Lost mutation: You possess an exceptional clarity of mind. [mutagenic meat]
 59874 | Pan      | Lost mutation: You are very weak. (Str -4) [mutagenic meat]
 59875 | Pan      | Lost mutation: Your body sometimes deteriorates upon taking damage. [mutagenic meat]
 59876 | Pan      | Lost mutation: Your magical capacity is low (-10% MP). [mutagenic meat]
 59898 | Pan      | Identified the Guide on Dusty Translocation
 59929 | Pan      | Gained mutation: Scrolls take you much longer to read. [a neqoxec]
 59948 | Pan      | Got a glowing rune of Zot
 60001 | Pan      | Found an exit through the horrors of the Abyss.
 60008 | Pan      | Lost mutation: Potions and wands are less effective at restoring your health. [a neqoxec]
 60017 | Pan      | Took an exit into the Abyss.
 60017 | Abyss:1  | Escaped into the Abyss
 60017 | Abyss:1  | Found a corrupted altar of Lugonu.
 60058 | Depths:3 | Escaped the Abyss
 60060 | Depths:3 | Lost mutation: You are very frail (-20% HP). [potion of cure mutation]
 60060 | Depths:3 | Lost mutation: Scrolls take you much longer to read. [potion of cure mutation]
 60060 | Depths:3 | Lost mutation: Your spells are a little easier to cast, but a little less powerful. [potion of cure mutation]
 60060 | Depths:3 | Lost mutation: Scrolls take you longer to read. [potion of cure mutation]
 60060 | Depths:3 | Lost mutation: You are partially covered in molten scales (AC +1). [potion of cure mutation]
 60060 | Depths:3 | Lost mutation: You are frail (-10% HP). [potion of cure mutation]
 60061 | Depths:3 | Lost mutation: Scrolls take you a little longer to read. [potion of cure mutation]
 60061 | Depths:3 | Lost mutation: You are very clumsy. (Dex -4) [potion of cure mutation]
 60061 | Depths:3 | Lost mutation: You are clumsy. (Dex -2) [potion of cure mutation]
 60062 | Depths:3 | Lost mutation: You are very dopey. (Int -4) [potion of cure mutation]
 60062 | Depths:3 | Lost mutation: You can translocate small distances at will. [potion of cure mutation]
 60062 | Depths:3 | Lost mutation: You are dopey. (Int -2) [potion of cure mutation]
 60062 | Depths:3 | Lost mutation: You have an uncontrollable temper. [potion of cure mutation]
 60063 | Depths:3 | Lost mutation: You often lose your temper in combat. [potion of cure mutation]
 60063 | Depths:3 | Lost mutation: You expend magic power (3 MP) to strengthen your wands. [potion of cure mutation]
 60063 | Depths:3 | Lost mutation: You sometimes yell uncontrollably at your foes. [potion of cure mutation]
 60063 | Depths:3 | Lost mutation: You are partially covered in icy blue scales (AC +1). [potion of cure mutation]
 60064 | Depths:3 | Lost mutation: You are weak. (Str -2) [potion of cure mutation]
 60064 | Depths:3 | Lost mutation: Your system is resistant to poisons. [potion of cure mutation]
 60064 | Depths:3 | Lost mutation: You occasionally shout uncontrollably at your foes. [potion of cure mutation]
 60064 | Depths:3 | Lost mutation: You tend to lose your temper in combat. [potion of cure mutation]
 60065 | Depths:3 | Gained mutation: Your spells are a little harder to cast, but a little more powerful. [potion of beneficial mutation]
 60066 | Depths:3 | Gained mutation: You can translocate small distances at will. [potion of beneficial mutation]
 60207 | Depths:1 | Bought a book of Necromancy for 390 gold pieces
 60211 | Depths:1 | Learned a level 3 spell: Regeneration
 60211 | Depths:1 | Bought a Necronomicon for 1435 gold pieces
 60239 | Hell     | Entered the Vestibule of Hell
 60239 | Hell     | Noticed Geryon
 60242 | Hell     | Killed Geryon
 60242 | Hell     | Reached skill level 1 in Necromancy
 60310 | Hell     | Found a gateway to the decaying netherworld of Tartarus.
 60407 | Hell     | Found a gateway to the ashen valley of Gehenna.
 60420 | Geh:1    | Entered Level 1 of Gehenna
 60701 | Geh:5    | Reached skill level 5 in Necromancy
 60779 | Geh:7    | Entered Level 7 of Gehenna
 60930 | Geh:7    | Noticed the Serpent of Hell
 61000 | Geh:7    | Killed the Serpent of Hell
 61154 | Geh:7    | Got a wavering ivory ring
 61156 | Geh:7    | Identified the ring "Ejiwiwod" {Fire rPois rN+ Int+4} (You found it on level 7 of Gehenna)
 61360 | Geh:7    | Noticed Asmodeus
 61367 | Geh:7    | Killed Asmodeus
 61371 | Geh:7    | Got a twitching brass ring
 61372 | Geh:7    | Identified the ring of the Five Wishes {Ice MR+ Str+3} (You took it off Asmodeus on level 7 of Gehenna)
 61378 | Geh:7    | Got an obsidian rune of Zot
 61565 | Hell     | Found a gateway to the Iron City of Dis.
 61574 | Dis:1    | Entered Level 1 of the Iron City of Dis
 62172 | Dis:6    | Gained mutation: You are weak. (Str -2) [mutagenic glow]
 62215 | Dis:6    | Lost mutation: Your spells are a little harder to cast, but a little more powerful. [mutagenic glow]
 62380 | Dis:7    | Entered Level 7 of the Iron City of Dis
 62603 | Dis:7    | Noticed an iron giant
 62611 | Dis:7    | Killed an iron giant
 62611 | Dis:7    | Reached skill level 10 in Necromancy
 62612 | Dis:7    | Noticed an iron giant
 62627 | Dis:7    | Killed an iron giant
 62656 | Dis:7    | Learned a level 8 spell: Disjunction
 62660 | Dis:7    | Gained mutation: You are frail (-10% HP). [mutagenic glow]
 62706 | Dis:7    | Noticed an iron giant
 62718 | Dis:7    | Killed an iron giant
 62990 | Dis:7    | Noticed an iron giant
 62993 | Dis:7    | Noticed an iron giant
 62999 | Dis:7    | Killed an iron giant
 63004 | Dis:7    | Killed an iron giant
 63043 | Dis:7    | Identified the Handbook of Transmigration and the Birds (You found it on level 7 of the Iron City of Dis)
 63067 | Dis:7    | Got a glittering tin ring
 63069 | Dis:7    | Identified the ring "Acuoxuk" {Fire rElec Str+3 Int+2} (You found it on level 7 of the Iron City of Dis)
 63107 | Dis:7    | Noticed Dispater
 63125 | Dis:7    | Killed Dispater
 63129 | Dis:7    | Got an iron rune of Zot
 63274 | Dis:7    | Noticed an iron giant
 63285 | Dis:7    | Killed an iron giant
 63387 | Tar:1    | Entered Level 1 of Tartarus
 64681 | Tar:6    | Gained mutation: You are very frail (-20% HP). [mutagenic glow]
 64744 | Tar:7    | Entered Level 7 of Tartarus
 64815 | Tar:7    | Gained mutation: Scrolls take you a little longer to read. [mutagenic glow]
 64828 | Tar:7    | Lost mutation: You can translocate small distances at will. [mutagenic glow]
 64829 | Tar:7    | Reached skill level 15 in Necromancy
 64840 | Tar:7    | Gained mutation: Scrolls take you longer to read. [mutagenic glow]
 64845 | Tar:7    | Gained mutation: Your magical capacity is low (-10% MP). [a neqoxec]
 65144 | Tar:7    | Noticed Ereshkigal
 65162 | Tar:7    | Killed Ereshkigal
 65173 | Tar:7    | Got a pitted shield
 65176 | Tar:7    | Identified the +4 shield of Supsuis {+Inv rC+ Str+2 Int-5} (You found it on level 7 of Tartarus)
 65189 | Tar:7    | Got a bone rune of Zot
 65192 | Tar:7    | Got a flickering emerald amulet
 65195 | Tar:7    | Identified the amulet of the Lost Wars {Fragile rN+ Regen+ Int+7 Slay+3} (You found it on level 7 of Tartarus)
 65213 | Tar:7    | Learned a level 8 spell: Borgnjor's Revivification
 65476 | Tar:7    | Gained mutation: Scrolls take you much longer to read. [mutagenic glow]
 65616 | Hell     | Gained mutation: You are clumsy. (Dex -2) [a cacodemon]
 65902 | Vaults:5 | Bought the ring of Domat {Wiz SInv} for 947 gold pieces
 65902 | Vaults:5 | Bought an uncursed ring of protection from cold for 575 gold pieces
 66119 | Tomb:1   | Entered Level 1 of the Tomb of the Ancients
 66179 | Tomb:1   | Noticed Mennas
 66189 | Tomb:1   | Killed Mennas
 66189 | Tomb:1   | Reached skill level 1 in Charms
 66648 | Tomb:2   | Noticed a greater mummy
 66658 | Tomb:2   | Killed a greater mummy
 66665 | Tomb:2   | Noticed a greater mummy
 66668 | Tomb:2   | Noticed a greater mummy
 66668 | Tomb:2   | Noticed a greater mummy
 66669 | Tomb:2   | Killed a greater mummy
 66672 | Tomb:2   | Killed a greater mummy
 66684 | Tomb:2   | Killed a greater mummy
 66946 | Tomb:1   | Noticed a greater mummy
 66949 | Tomb:1   | Noticed a greater mummy
 66949 | Tomb:1   | Noticed a greater mummy
 66952 | Tomb:1   | Killed a greater mummy
 66958 | Tomb:1   | Killed a greater mummy
 66962 | Tomb:1   | Killed a greater mummy
 67020 | Tomb:1   | Noticed a greater mummy
 67027 | Tomb:1   | Killed a greater mummy
 67066 | Tomb:1   | Noticed a greater mummy
 67074 | Tomb:1   | Killed a greater mummy
 67101 | Tomb:1   | Noticed a greater mummy
 67107 | Tomb:1   | Killed a greater mummy
 67109 | Tomb:1   | Noticed a greater mummy
 67114 | Tomb:1   | Killed a greater mummy
 67120 | Tomb:1   | Noticed a greater mummy
 67123 | Tomb:1   | Killed a greater mummy
 67136 | Tomb:1   | Noticed a greater mummy
 67142 | Tomb:1   | Killed a greater mummy
 67149 | Tomb:1   | Noticed a greater mummy
 67150 | Tomb:1   | Noticed a greater mummy
 67155 | Tomb:1   | Killed a greater mummy
 67156 | Tomb:1   | Noticed a greater mummy
 67159 | Tomb:1   | Killed a greater mummy
 67164 | Tomb:1   | Killed a greater mummy
 67168 | Tomb:1   | Noticed a greater mummy
 67173 | Tomb:1   | Killed a greater mummy
 67173 | Tomb:1   | Reached skill level 5 in Charms
 67193 | Tomb:1   | Noticed a greater mummy
 67204 | Tomb:1   | Killed a greater mummy
 67204 | Tomb:1   | Reached skill level 10 in Summonings
 67207 | Tomb:1   | Noticed a greater mummy
 67216 | Tomb:1   | Killed a greater mummy
 67226 | Tomb:1   | Noticed a greater mummy
 67232 | Tomb:1   | Killed a greater mummy
 67245 | Tomb:1   | Noticed a greater mummy
 67246 | Tomb:1   | Noticed a greater mummy
 67250 | Tomb:1   | Killed a greater mummy
 67253 | Tomb:1   | Killed a greater mummy
 67262 | Tomb:1   | Noticed a greater mummy
 67264 | Tomb:1   | Noticed a greater mummy
 67268 | Tomb:1   | Killed a greater mummy
 67274 | Tomb:1   | Killed a greater mummy
 67458 | Tomb:3   | Entered Level 3 of the Tomb of the Ancients
 67474 | Tomb:3   | Noticed a greater mummy
 67502 | Tomb:3   | Noticed a greater mummy
 67502 | Tomb:3   | Noticed a greater mummy
 67504 | Tomb:3   | Noticed a greater mummy
 67504 | Tomb:3   | Killed a greater mummy
 67508 | Tomb:3   | Killed a greater mummy
 67510 | Tomb:3   | Killed a greater mummy
 67559 | Tomb:3   | Killed a greater mummy
 67841 | Tomb:3   | Got a vibrating diamond amulet
 67841 | Tomb:3   | Got a brightly glowing marble ring
 67845 | Tomb:3   | Identified the amulet "Ytaxi" {Dismiss +Blink rElec Dex+3} (You found it on level 3 of the Tomb of the Ancients)
 67849 | Tomb:3   | Identified the ring "Teusoqi" {+Inv rC+} (You found it on level 3 of the Tomb of the Ancients)
 67856 | Tomb:3   | Got a faintly humming shadow dragon armour
 67856 | Tomb:3   | Identified Sif Muna's Compendium of the Mutagenic Traveller (You found it on level 3 of the Tomb of the Ancients)
 67860 | Tomb:3   | Identified the cursed +1 shadow dragon armour of Exclusion {Int+4 Dex+8 Stlth++++} (You found it on level 3 of the Tomb of the Ancients)
 67888 | Tomb:3   | Noticed a greater mummy
 67889 | Tomb:3   | Noticed a greater mummy
 67891 | Tomb:3   | Killed a greater mummy
 67892 | Tomb:3   | Noticed a greater mummy
 67897 | Tomb:3   | Killed a greater mummy
 67899 | Tomb:3   | Killed a greater mummy
 67905 | Tomb:3   | Noticed Khufu
 67909 | Tomb:3   | Killed Khufu
 67974 | Tomb:3   | Got a golden rune of Zot
 68008 | Tomb:3   | Noticed a greater mummy
 68013 | Tomb:3   | Killed a greater mummy
 68975 | Hell     | Found a gateway to the freezing wastes of Cocytus.
 68996 | Coc:1    | Entered Level 1 of Cocytus
 69602 | Coc:7    | Entered Level 7 of Cocytus
 69934 | Coc:7    | Noticed Antaeus
 69976 | Coc:7    | Killed Antaeus
 69986 | Coc:7    | Got an icy rune of Zot
 70157 | Coc:7    | Noticed wvc's ghost (legendary MiMo)
 70183 | Coc:7    | Killed wvc's ghost
 70646 | Zot:5    | Got the Orb of Zot
 70810 | Zot:1    | Noticed Ugonwi the pandemonium lord
 70817 | Zot:1    | Cast into level 4 of the Abyss (Ugonwi)
 70929 | Abyss:4  | Paralysed by accursed screaming for 1 turns
 71020 | Abyss:5  | Entered Level 5 of the Abyss
 71020 | Abyss:5  | Found a corrupted altar of Lugonu.
 71080 | Zot:1    | Escaped the Abyss
 71090 | Zot:1    | Killed Ugonwi the pandemonium lord
 71094 | Zot:1    | Noticed Tusot the pandemonium lord
 71202 | Zot:1    | HP: 7/224 [Tusot the pandemonium lord (33)]
 71202 | Zot:1    | Slain by a tentacled monstrosity

Vault maps used:
D:1:      dpeg_arrival_prison, minmay_lizard_king
D:2:      minmay_misc_feat_room, roderic_lattice_a
D:4:      first_bread, minivault_26, okawaru_ov_weapons_minmay
D:5:      kennysheep_mini, minmay_temple_entry_junction, kennysheep_flooded_box
D:6:      grunt_temple_overflow_opulence, uniq_pikel
D:7:      lemuel_blue_sif_altar, yredelemnul_altar_generic, serial_shops, shop
D:8:      evilmike_ruin_ashenzari, marbit_many_paths, special_room,
          blue_anna_alchemist
D:9:      nicolae_overflow_crystal_walls, serial_shops, kennysheep_mini_moat,
          shop_coins, shop_fountains, basic_altar, minmay_door_square,
          lightli_wizard_tower
D:10:     minmay_lair_entry_lava, kennysheep_generic_room_7
D:11:     david_orc_5, uniq_erolcha
D:12:     serial_shops, shop, kennysheep_island_fort
D:13:     lemuel_bear_cage, erik_vaults_2
D:14:     grunt_decor_mini_mirrors, johnstein_pakellas_shop, uniq_nessos
D:15:     hangedman_depths_entry_civil_slaughter, basic_altar,
          hangedman_decor_lopped, uniq_josephine
Temple:   circular_temple_12
Lair:1:   serial_bayou_shore_a, uniq_nergalle
Lair:2:   grunt_forest_stairs_basic, lemuel_fruit_tree, lemuel_fruit_fields
Lair:3:   minmay_snake_entry_guardpost_small, nicolae_volcano_entry_hallway,
          nicolae_quartered_pool_medium, beast_lair_carwin_3
Lair:4:   tgw_fedhas
Lair:5:   minmay_shoals_entry_beasts, dpeg_oklob_1, bh_autumn_forest_stairs,
          grunt_megastairs_5
Lair:7:   dpeg_slime_entry_enclosed_altar
Lair:8:   evilmike_catoblepas_cave
Shoals:1: serial_shops, shop, st_shoals_ruin
Shoals:4: shoals_end_grunt_ice, shoal_ilsuiw, uniq_ilsuiw
Snake:1:  basic_altar, serial_bayou_shore_b, uniq_aizul, uniq_agnes
Snake:2:  portal_ice_cave_entry_ice_statue_02, serial_shops, shop, uniq_kirke,
          uniq_roxanne
Snake:3:  st_stairs_7
Snake:4:  grunt_snake_rune_serpentine_throne, serial_shops, shop,
          serial_bayou_shore_b, uniq_vashnia
Slime:2:  cheibrodos_slime_lost_civilization_1,
          cheibrodos_slime_lost_civilization_4
Orc:2:    st_orc_mages, serial_shops, shop
Elf:1:    eino_elf_arrival_sip, enter_trove_2, minivault_28
Elf:2:    serial_shops, shop, nicolae_shop_stone, serial_sigils,
          serial_sigils_hangedman_shear, serial_sigils_hangedman_gnaw,
          serial_sigils_hangedman_snap, amalloy_card_club
Elf:3:    elf_hall, serial_shops, shop
Vaults:1: v_alt_pattern_6, vaults_mumra_chevron_long, ontoclasm_vaults_gateway,
          ontoclasm_vaults_idyll, grunt_vaults_hallway_long,
          hangedman_vaults_maws, uniq_jorgrun, uniq_norris
Vaults:2: grunt_vaults_swirl, v_misc_13, vaults_room_semicircle,
          nicolae_vaults_twisting_passages, hangedman_vaults_corner, v_misc_31,
          nicolae_vaults_puzzle_piece, nicolae_vaults_circle_grid_a,
          nicolae_vaults_diagonal_hallway_9, vaults_dpeg_diagonal,
          nicolae_vaults_little_squares_3, nicolae_vaults_what_the_h,
          nicolae_vaults_theta
Vaults:3: vaults_room_guarded_vault, v_alt_pattern_6,
          minmay_crypt_entry_nasty_monster, nicolae_vaults_border_crossing,
          nicolae_vaults_ring_of_whatevers, nicolae_vaults_little_squares_2,
          hangedman_vaults_maws, v_alt_pattern_2, ontoclasm_vaults_ring_small,
          v_misc_2, nicolae_vaults_windows_and_doors_thing,
          nicolae_vaults_big_angled_halls, vaults_room_octagon, serial_shops,
          nicolae_shop_trees, uniq_frederick, uniq_donald, uniq_asterion
Vaults:4: ontoclasm_vaults_fault, vaults_room_pool,
          nicolae_vaults_hallways_thing, v_misc_18, v_misc_25, vaults_room_pool,
          v_misc_29, nicolae_vaults_ninety_degrees,
          kennysheep_vaults_gozag_temple, v_misc_29, hangedman_vaults_capsules,
          uniq_xtahua
Vaults:5: serial_shops, uniq_saint_roka
Crypt:1:  grunt_crypt_arrival_webbed, grunt_megastairs_2
Crypt:2:  basic_altar
Crypt:3:  due_elkab, uniq_mara, uniq_wiglaf
Tomb:1:   uniq_mennas
Depths:1: kennysheep_doodads, hell_entry, nicolae_evil_shop
Depths:2: hangedman_screamer, grunt_decor_resistance, hell_entry,
          infiniplex_staircase_pillars_2, basic_stair_grate_trap,
          serial_bayou_shore_b, serial_bayou_shore_b, firewood_loft
Depths:3: kennysheep_treasure_stockpile, grunt_metal_band, pan_entry,
          minmay_staircase_statues_hall_large, grunt_megastairs_4
Depths:4: hangedman_cross_cluster, enter_ziggurat_e, pf_coc_iceberg,
          abyss_entry, lightli_corner_chamber, serial_bayou_shore_b
Depths:5: grunt_twist_and_shout, minmay_misc_feat_tower,
          pf_hell_entry_tar_spiral, pan_entry, serial_shops, shop,
          serial_sigils_hangedman_confine, bh_walls_and_bars
Dis:1:    nicolae_dis_lava_storage_tank
Dis:2:    nrook_loot_triangle
Dis:4:    hangedman_dis_decor_tower, hangedman_dis_chains
Dis:7:    iron_city_of_dis, nicolae_dis_strange_trophy_room
Geh:3:    lemuel_elevator
Geh:4:    lemuel_flamethrower_2
Geh:7:    geh_grunt_pentagon
Coc:4:    grunt_deathspiral_small
Coc:7:    coc_grunt_cove
Tar:1:    evilmike_ambush
Tar:2:    nicolae_tar_cuneiform_not
Tar:3:    evilmike_ambush
Tar:7:    tar_minmay_river
Zot:1:    lemuel_halls_of_wrath, st_single_dragon_hoard_3
Zot:2:    grunt_ministairs_3, lemuel_lake_of_fire, grunt_megastairs_3
Zot:3:    st_small_dragon_hoard_3
Zot:5:    grunt_ministairs_4
Abyss:1:  grunt_abyss_exit_deep_breaths
Abyss:3:  evilmike_abyss_exit_9
Abyss:4:  evilmike_abyss_rune_curve, bh_silent_lugonu_exit, abyss_fake_exit,
          hangedman_abyss_mock_shop, hangedman_abyss_batty_box,
          evilmike_abyss_exit_4
Abyss:5:  evilmike_abyss_exit_plants, hangedman_eye_storm
Pan:      rand_demon_4, lemuel_hellion_island, rand_demon_9, rand_demon_6,
          grunt_pan_frozen_over, pan_blood_fountain_2,
          nicolae_pan_cerebovesque_3, rand_demon_8, pan_blood_fountain_small,
          nicolae_pan_gloorx_vloqian_2, evilmike_mini_pan_doors, rand_demon_8,
          pan_blood_fountain_small, nicolae_pan_strange_glyphs, cerebov,
          pan_blood_fountain, nicolae_pan_mnolegish_5, grunt_pan_sceptre,
          lom_lobon, pan_surprise, rand_demon_1, pan_blood_fountain_small,
          rand_demon_4, grunt_pan_zigzag, pan_blood_fountain_small,
          evilmike_mini_pan_corridor, nicolae_pan_mnolegish_5,
          nicolae_pan_sigil_uleosi, rand_demon_3, reaverb_pan_figure_eight,
          evilmike_mini_pan_other_thingy, lemuel_hall_of_pain,
          pan_blood_fountain_small, evilmike_mini_pan_doors_b,
          nicolae_pan_mnolegish_1, rand_demon_3, pan_blood_fountain_small,
          evilmike_mini_pan_possible_glass, gloorx_vloq,
          nicolae_pan_mnolegish_1, mnoleg_grunt_wretched_star,
          pan_blood_fountain
IceCv:    ice_cave_caverns_02
Volcano:  volcano_bunker

Skill      XL: |  1  2  3  4  5  6  7  8  9 10 11 12 13 14 15 16 17 18 19 20 21 22 23 24 25 26 27 |
---------------+----------------------------------------------------------------------------------+-----
Fighting       | 2 3 4 5 6 8 9 10 11 12 13 14 15 16 17 18 25 | 25.3
Unarmed Combat | 4 5 6 7 8 10 11 12 13 14 15 16 17 18 19 20 21 22 27 | 27.0
Transmutations | 3 4 5 6 8 10 11 12 13 14 15 18 | 18.3
Invocations    | 2 4 7 10 26 | 26.7
Spellcasting   | 3 5 6 7 9 10 11 19 | 19.5
Dodging        | 4 6 7 9 10 11 12 13 14 15 16 24 | 24.0
Earth Magic    | 2 6 9 10 11 12 13 14 15 18 | 18.1
Shields        | 5 8 10 12 13 14 15 | 15.0
Air Magic      | 5 9 11 13 15 | 15.2
Translocations | 19 | 19.0
Stealth        | 12 | 12.3
Summonings     | 12 | 12.2
Necromancy     | 16 | 16.3
Charms         | 9 |  9.2

Action                   |  1- 3 |  4- 6 |  7- 9 | 10-12 | 13-15 | 16-18 | 19-21 | 22-24 | 25-27 || total
-------------------------+-------+-------+-------+-------+-------+-------+-------+-------+-------++-------
Melee: Unarmed           |   110 |   142 |   277 |   662 |   468 |  1052 |   839 |   676 |  5868 || 10094
       Flail             |       |       |     2 |       |       |       |       |       |       ||     2
       Tentacles         |       |       |       |       |       |       |       |       |  1390 ||  1390
       Punch             |       |       |       |       |       |       |       |       |  1191 ||  1191
       Constrict         |       |       |       |       |       |       |       |       |   722 ||   722
 Fire: Blowgun           |       |     8 |    13 |     4 |       |       |       |       |       ||    25
Throw: Stone             |       |       |     1 |     5 |     5 |    46 |    17 |     6 |   152 ||   232
 Cast: Beastly Appendage |    11 |    16 |     1 |     1 |     1 |     2 |       |       |       ||    32
       Sticks to Snakes  |       |     6 |     4 |     9 |     1 |       |       |       |       ||    20
       Spider Form       |       |     2 |    21 |    20 |       |       |       |       |       ||    43
       Ice Form          |       |       |       |    33 |    30 |       |       |       |       ||    63
       Statue Form       |       |       |       |       |    23 |   131 |   100 |    53 |   236 ||   543
       Alistair's Intoxi |       |       |       |       |       |     1 |     1 |     1 |     1 ||     4
       Deflect Missiles  |       |       |       |       |       |       |       |       |    13 ||    13
       Statue Form       |       |       |       |       |       |       |       |       |   236 ||   236
       Apportation       |       |       |       |       |       |       |       |       |   165 ||   165
       Regeneration      |       |       |       |       |       |       |       |       |   152 ||   152
       Aura of Abjuratio |       |       |       |       |       |       |       |       |    88 ||    88
       Apportation       |       |       |       |       |       |       |       |       |    49 ||    49
       Deflect Missiles  |       |       |       |       |       |       |       |       |    11 ||    11
       Aura of Abjuratio |       |       |       |       |       |       |       |       |    11 ||    11
       Silence           |       |       |       |       |       |       |       |       |     7 ||     7
       Controlled Blink  |       |       |       |       |       |       |       |       |     6 ||     6
       Malign Gateway    |       |       |       |       |       |       |       |       |     2 ||     2
       Controlled Blink  |       |       |       |       |       |       |       |       |     1 ||     1
       Disjunction       |       |       |       |       |       |       |       |       |     1 ||     1
       Silence           |       |       |       |       |       |       |       |       |     1 ||     1
Invok: Slouch            |       |       |       |     3 |     7 |       |    14 |    10 |    11 ||    45
       Temporal Distorti |       |       |       |       |     5 |     5 |       |       |    11 ||    21
       Slouch            |       |       |       |       |       |       |       |       |    24 ||    24
 Abil: End Transformatio |       |       |     1 |     3 |     2 |       |       |       |     1 ||     7
       End Transformatio |       |       |       |       |       |       |       |       |     1 ||     1
Evoke: Club              |       |       |       |     8 |     1 |     1 |       |       |    10 ||    20
       Wand              |       |       |       |       |       |       |       |       |    14 ||    14
  Use: Scroll            |       |     2 |     7 |    11 |    10 |    15 |     8 |     1 |    27 ||    81
       Potion            |       |       |     1 |     2 |     4 |       |     1 |     3 |    24 ||    35
       Scroll            |       |       |       |       |       |       |       |       |    33 ||    33
       Potion            |       |       |       |       |       |       |       |       |    19 ||    19
 Stab: Sleeping          |     8 |     8 |       |     2 |     9 |    11 |     8 |     3 |    15 ||    64
       Distracted        |       |     1 |       |     2 |     1 |     6 |       |     1 |     6 ||    17
       Confused          |       |       |       |       |       |       |     1 |       |       ||     1
       Invisible         |       |       |       |       |       |       |     1 |       |       ||     1
       Sleeping          |       |       |       |       |       |       |       |       |    37 ||    37
       Distracted        |       |       |       |       |       |       |       |       |    11 ||    11
       Paralysed         |       |       |       |       |       |       |       |       |     1 ||     1
  Eat: Chunk             |     1 |     8 |    11 |    15 |    18 |    54 |    44 |    41 |    37 ||   229
       Beef jerky        |       |       |     1 |       |       |     3 |     2 |     1 |     8 ||    15
       Pizza             |       |       |       |       |     2 |     3 |       |       |       ||     5
       Meat ration       |       |       |       |       |     1 |     1 |       |       |       ||     2
       Royal jelly       |       |       |       |       |       |     1 |     2 |       |     3 ||     6
       Bread ration      |       |       |       |       |       |       |       |     2 |     7 ||     9
       Chunk             |       |       |       |       |       |       |       |       |    30 ||    30
       Bread ration      |       |       |       |       |       |       |       |       |    10 ||    10
       Royal jelly       |       |       |       |       |       |       |       |       |     3 ||     3
       Pizza             |       |       |       |       |       |       |       |       |     1 ||     1
Armor: Skin              |       |       |       |       |       |       |       |       |   595 ||   595
       Skin              |       |       |       |       |       |       |       |       |   312 ||   312
Dodge: Dodged            |       |       |       |       |       |       |       |       |  3987 ||  3987
       Dodged            |       |       |       |       |       |       |       |       |  2270 ||  2270
       Deflected         |       |       |       |       |       |       |       |       |    61 ||    61
       Deflected         |       |       |       |       |       |       |       |       |    49 ||    49
Block: Shield            |       |       |       |       |       |       |       |       |  4087 ||  4087
       Shield            |       |       |       |       |       |       |       |       |  2257 ||  2257
